Workbook

Sheet ВОР
A1: ВЕДОМОСТЬ ОБЪЕМОВ РАБОТ
A2: на выполнение строительно-монтажных работ по устройству кровли
A3: на объекте: "Многоквартирный жилой комплекс по адресу: Краснодарский край, р-н Динской, п. Южный. 2 очередь". Литер 9
A4: № п/п | B4: Наименование работ | C4: Ед. изм. | D4: Норма расхода | E4: Объём работ | F4: Цена за ед. изм., руб. без НДС | I4: Стоимость, руб. без НДС | L4: Примечание
F5: всего | G5: в том числе | I5: всего | J5: в том числе
G6: Работа | H6: Материалы | J6: Работа | K6: Материалы
A7: 1 | B7: 2 | C7: 3 | D7: 4 | E7: 5 | F7: 6 | G7: 7 | H7: 8 | I7: 9 | J7: 10 | K7: 11 | L7: 12
B8: Кровля секция 1, 2
B9: Раздел 1. Основная кровля (Тип 1, 2)
A10: =IF(TRIM(E10)<>"",COUNTA($E10:E$10)&"","") -> 1 | B10: Огрунтовка поверхности ж/б плиты битумным праймером с учётом примыканий на 350мм | C10: м2 | E10: =Расчет!E4+Расчет!E5+0.35*E28 -> 603.409 | F10: =G10+H10 -> 0 | I10: =J10+K10 -> 0 | J10: =G10*E10 -> 0
A11: =IF(TRIM(E11)<>"",COUNTA($E$10:E11)&"","") -> 2 | B11: Праймер битумный ТЕХНОНИКОЛЬ №1 (или аналог) | C11: л | D11: 0.35 | E11: =E10*D11 -> 211.19315 | F11: =G11+H11 -> 0 | I11: =J11+K11 -> 0 | K11: =H11*E11 -> 0 | L11: Материал подрядчика
A12: =IF(TRIM(E12)<>"",COUNTA($E$10:E12)&"","") -> 3 | B12: Укладка пароизоляции с учётом примыканий на 350мм | C12: м2 | E12: =E10 -> 603.409 | F12: =G12+H12 -> 0 | I12: =J12+K12 -> 0 | J12: =G12*E12 -> 0
A13: =IF(TRIM(E13)<>"",COUNTA($E$10:E13)&"","") -> 4 | B13: Наплавляемый материал "Линокром ЭПП" (1 слой) или аналог-4 мм | C13: м2 | D13: 1.15 | E13: =E12*D13 -> 693.92035 | F13: =G13+H13 -> 0 | I13: =J13+K13 -> 0 | K13: =H13*E13 -> 0 | L13: Материал подрядчика
A14: =IF(TRIM(E14)<>"",COUNTA($E$10:E14)&"","") -> 5 | B14: Пропан | C14: кг | D14: 0.3 | E14: =E12*D14 -> 181.0227 | F14: =G14+H14 -> 0 | I14: =J14+K14 -> 0 | K14: =H14*E14 -> 0 | L14: Материал подрядчика
A15: =IF(TRIM(E15)<>"",COUNTA($E$10:E15)&"","") -> 6 | B15: Устройство утепления 100мм | C15: м2 | E15: =Расчет!E4+Расчет!E5 -> 519.92 | F15: =G15+H15 -> 0 | I15: =J15+K15 -> 0 | J15: =G15*E15 -> 0
A16: =IF(TRIM(E16)<>"",COUNTA($E$10:E16)&"","") -> 7 | B16: Экструзионный пенополистирол 100 мм. | C16: м3 | D16: 1.1 | E16: =E15*0.1*D16 -> 57.1912 | F16: =G16+H16 -> 0 | I16: =J16+K16 -> 0 | K16: =H16*E16 -> 0 | L16: Материал подрядчика
A17: =IF(TRIM(E17)<>"",COUNTA($E$10:E17)&"","") -> 8 | B17: Устройство утепления 50мм | C17: м2 | E17: =E28*0.47 -> 112.1138 | F17: =G17+H17 -> 0 | I17: =J17+K17 -> 0 | J17: =G17*E17 -> 0
A18: =IF(TRIM(E18)<>"",COUNTA($E$10:E18)&"","") -> 9 | B18: Утеплитель ТЕХНОФАС ЭКСТРА 50 мм | C18: м3 | D18: 1.03 | E18: =E17*0.05*D18 -> 5.7738607 | F18: =G18+H18 -> 0 | I18: =J18+K18 -> 0 | K18: =H18*E18 -> 0 | L18: Материал подрядчика
A19: =IF(TRIM(E19)<>"",COUNTA($E$10:E19)&"","") -> 10 | B19: Фасадный крепеж TERMOCLIP | C19: шт | D19: 5 | E19: =ROUND(E17*D19,0) -> 561 | F19: =G19+H19 -> 0 | I19: =J19+K19 -> 0 | K19: =H19*E19 -> 0 | L19: Материал подрядчика
A20: =IF(TRIM(E20)<>"",COUNTA($E$10:E20)&"","") -> 11 | B20: Штукатурка стен ЦПС М150 по сетке | C20: м2 | E20: =E17 -> 112.1138 | F20: =G20+H20 -> 0 | I20: =J20+K20 -> 0 | J20: =G20*E20 -> 0
A21: =IF(TRIM(E21)<>"",COUNTA($E$10:E21)&"","") -> 12 | B21: Раствор цементно-песчаный М150 | C21: м3 | D21: 1.015 | E21: =E20*0.02*D21 -> 2.2759101 | F21: =G21+H21 -> 0 | I21: =J21+K21 -> 0 | K21: =H21*E21 -> 0 | L21: Материал подрядчика
A22: =IF(TRIM(E22)<>"",COUNTA($E$10:E22)&"","") -> 13 | B22: Сетка 5 Вр1 с ячейкой 100х100 | C22: м2 | D22: 1.2 | E22: =E20*D22 -> 134.53656 | F22: =G22+H22 -> 0 | I22: =J22+K22 -> 0 | K22: =H22*E22 -> 0 | L22: Материал подрядчика
A23: =IF(TRIM(E23)<>"",COUNTA($E$10:E23)&"","") -> 14 | B23: Устройство слоя пароизоляции | C23: м2 | E23: =E15 -> 519.92 | F23: =G23+H23 -> 0 | I23: =J23+K23 -> 0 | J23: =G23*E23 -> 0
A24: =IF(TRIM(E24)<>"",COUNTA($E$10:E24)&"","") -> 15 | B24: Пароизоляционная пленка 200 мкм | C24: м2 | D24: 1.15 | E24: =E23*D24 -> 597.908 | F24: =G24+H24 -> 0 | I24: =J24+K24 -> 0 | K24: =H24*E24 -> 0 | L24: Материал подрядчика
A25: =IF(TRIM(E25)<>"",COUNTA($E$10:E25)&"","") -> 16 | B25: Устройство цементно-песчаной стяжки М 150 армированная сеткой 4 Вр1 с ячейкой 200х200 - толщ. от 50 мм до 100 мм, по уклону | C25: м2 | E25: =Расчет!E4+Расчет!E5 -> 519.92 | F25: =G25+H25 -> 0 | I25: =J25+K25 -> 0 | J25: =G25*E25 -> 0
A26: =IF(TRIM(E26)<>"",COUNTA($E$10:E26)&"","") -> 17 | B26: Раствор цементно-песчаный М150 | C26: м3 | D26: 1.015 | E26: =(Расчет!L9-Расчет!K9)*D26 -> 73.153757 | F26: =G26+H26 -> 0 | I26: =J26+K26 -> 0 | K26: =H26*E26 -> 0 | L26: Материал подрядчика
A27: =IF(TRIM(E27)<>"",COUNTA($E$10:E27)&"","") -> 18 | B27: Сетка 4 Вр1 с ячейкой 200х200 | C27: м2 | D27: 1.2 | E27: =E25*D27 -> 623.904 | F27: =G27+H27 -> 0 | I27: =J27+K27 -> 0 | K27: =H27*E27 -> 0 | L27: Материал подрядчика
A28: =IF(TRIM(E28)<>"",COUNTA($E$10:E28)&"","") -> 19 | B28: Устройство галтели из цементно-песчаной стяжки М 150 , 100х100 | C28: м/п | E28: =Расчет!F8 -> 238.54 | F28: =G28+H28 -> 0 | I28: =J28+K28 -> 0 | J28: =G28*E28 -> 0
A29: =IF(TRIM(E29)<>"",COUNTA($E$10:E29)&"","") -> 20 | B29: Раствор цементно-песчаный М150 | C29: м3 | D29: 0.005 | E29: =D29*E28 -> 1.1927 | F29: =G29+H29 -> 0 | I29: =J29+K29 -> 0 | K29: =H29*E29 -> 0 | L29: Материал подрядчика
A30: =IF(TRIM(E30)<>"",COUNTA($E$10:E30)&"","") -> 21 | B30: Огрунтовка поверхности ж/б плиты битумным праймером с учётом примыканий на 350мм | C30: м2 | E30: =E10 -> 603.409 | F30: =G30+H30 -> 0 | I30: =J30+K30 -> 0 | J30: =G30*E30 -> 0
A31: =IF(TRIM(E31)<>"",COUNTA($E$10:E31)&"","") -> 22 | B31: Праймер битумный ТЕХНОНИКОЛЬ №1 (или аналог) | C31: л | D31: 0.35 | E31: =E30*D31 -> 211.19315 | F31: =G31+H31 -> 0 | I31: =J31+K31 -> 0 | K31: =H31*E31 -> 0 | L31: Материал подрядчика
A32: =IF(TRIM(E32)<>"",COUNTA($E$10:E32)&"","") -> 23 | B32: Устройство наплавляемой гидроизоляции 2 слоя | C32: м2 | E32: =Расчет!E4+Расчет!E5 -> 519.92 | F32: =G32+H32 -> 0 | I32: =J32+K32 -> 0 | J32: =G32*E32 -> 0
A33: =IF(TRIM(E33)<>"",COUNTA($E$10:E33)&"","") -> 24 | B33: Наплавляемый материал "Унифлекс ВЕНТ" (1 слой) или аналог-4 мм | C33: м2 | D33: 1.14 | E33: =E32*D33 -> 592.7088 | F33: =G33+H33 -> 0 | I33: =J33+K33 -> 0 | K33: =H33*E33 -> 0 | L33: Материал подрядчика
A34: =IF(TRIM(E34)<>"",COUNTA($E$10:E34)&"","") -> 25 | B34: Наплавляемый материал "Унифлекс ЭКП" или аналог - 4 мм | C34: м2 | D34: 1.16 | E34: =E32*D34 -> 603.1072 | F34: =G34+H34 -> 0 | I34: =J34+K34 -> 0 | K34: =H34*E34 -> 0 | L34: Материал подрядчика
A35: =IF(TRIM(E35)<>"",COUNTA($E$10:E35)&"","") -> 26 | B35: Пропан | C35: кг | D35: 0.6 | E35: =E32*D35 -> 311.952 | F35: =G35+H35 -> 0 | I35: =J35+K35 -> 0 | K35: =H35*E35 -> 0 | L35: Материал подрядчика
A36: =IF(TRIM(E36)<>"",COUNTA($E$10:E36)&"","") -> 27 | B36: Устройство примыканий наплавляемой гидроизоляции в 2 слоя | C36: м/п | E36: =E28 -> 238.54 | F36: =G36+H36 -> 0 | I36: =J36+K36 -> 0 | J36: =G36*E36 -> 0
A37: =IF(TRIM(E37)<>"",COUNTA($E$10:E37)&"","") -> 28 | B37: Наплавляемый материал "Унифлекс ВЕНТ" (1 слой) или аналог-4 мм | C37: м2 | D37: 1.14 | E37: =E36*0.6*D37 -> 163.16136 | F37: =G37+H37 -> 0 | I37: =J37+K37 -> 0 | K37: =H37*E37 -> 0 | L37: Материал подрядчика
A38: =IF(TRIM(E38)<>"",COUNTA($E$10:E38)&"","") -> 29 | B38: Наплавляемый материал "Унифлекс ЭКП" или аналог - 4 мм | C38: м2 | D38: 1.16 | E38: =E36*0.6*D38 -> 166.02384 | F38: =G38+H38 -> 0 | I38: =J38+K38 -> 0 | K38: =H38*E38 -> 0 | L38: Материал подрядчика
A39: =IF(TRIM(E39)<>"",COUNTA($E$10:E39)&"","") -> 30 | B39: Пропан | C39: кг | D39: 0.6 | E39: =E36*D39 -> 143.124 | F39: =G39+H39 -> 0 | I39: =J39+K39 -> 0 | K39: =H39*E39 -> 0 | L39: Материал подрядчика
A40: =IF(TRIM(E40)<>"",COUNTA($E$10:E40)&"","") -> 31 | B40: Рейка краевая алюминиевая ТЕХНОНИКОЛЬ 4.8х50 | C40: м | D40: 1.03 | E40: =E36*D40 -> 245.6962 | F40: =G40+H40 -> 0 | I40: =J40+K40 -> 0 | K40: =H40*E40 -> 0 | L40: Материал подрядчика
A41: =IF(TRIM(E41)<>"",COUNTA($E$10:E41)&"","") -> 32 | B41: Распорный дюбель (5 шт/1 м) | C41: шт | D41: 5 | E41: =ROUNDUP(E40*D41,0) -> 1229 | F41: =G41+H41 -> 0 | I41: =J41+K41 -> 0 | K41: =H41*E41 -> 0 | L41: Материал подрядчика
A42: =IF(TRIM(E42)<>"",COUNTA($E$10:E42)&"","") -> 33 | B42: Мастика герметизирующая Технониколь №71 600мл | C42: шт | D42: 0.15 | E42: =ROUNDDOWN(E36*0.15,0) -> 35 | F42: =G42+H42 -> 0 | I42: =J42+K42 -> 0 | K42: =H42*E42 -> 0 | L42: Материал подрядчика
A43: =IF(TRIM(E43)<>"",COUNTA($E$10:E43)&"","") -> 34 | B43: Установка водоприемных воронок | C43: шт | E43: 4 | F43: =G43+H43 -> 0 | I43: =J43+K43 -> 0 | J43: =G43*E43 -> 0
A44: =IF(TRIM(E44)<>"",COUNTA($E$10:E44)&"","") -> 35 | B44: Кровельная воронка с подогревом ТехноНИКОЛЬ Стандарт с прижимным фланцем 110х590мм или аналог | C44: шт | D44: 1 | E44: =E43 -> 4 | F44: =G44+H44 -> 0 | I44: =J44+K44 -> 0 | K44: =H44*E44 -> 0 | L44: Материал подрядчика
A45: =IF(TRIM(E45)<>"",COUNTA($E$10:E45)&"","") -> 36 | B45: Установка парапетных воронок | C45: шт | E45: 2 | F45: =G45+H45 -> 0 | I45: =J45+K45 -> 0 | J45: =G45*E45 -> 0
A46: =IF(TRIM(E46)<>"",COUNTA($E$10:E46)&"","") -> 37 | B46: Парапетная воронка D100 | C46: шт | D46: 1 | E46: =E45 -> 2 | F46: =G46+H46 -> 0 | I46: =J46+K46 -> 0 | K46: =H46*E46 -> 0 | L46: Материал подрядчика
A47: =IF(TRIM(E47)<>"",COUNTA($E$10:E47)&"","") -> 38 | B47: Установка аэраторов | C47: шт | E47: =4+4 -> 8 | F47: =G47+H47 -> 0 | I47: =J47+K47 -> 0 | J47: =G47*E47 -> 0
A48: =IF(TRIM(E48)<>"",COUNTA($E$10:E48)&"","") -> 39 | B48: Аэратор кровельный 160х450 | C48: шт | D48: 1 | E48: =E47*D48 -> 8 | F48: =G48+H48 -> 0 | I48: =J48+K48 -> 0 | K48: =H48*E48 -> 0 | L48: Материал подрядчика
A49: =IF(TRIM(E49)<>"",COUNTA($E$10:E49)&"","") -> 40 | B49: Герметизация примыкания к фановым трубам | C49: шт | E49: 9 | F49: =G49+H49 -> 0 | I49: =J49+K49 -> 0 | J49: =G49*E49 -> 0
A50: =IF(TRIM(E50)<>"",COUNTA($E$10:E50)&"","") -> 41 | B50: Полиуретановый герметик 600мл | C50: шт | D50: 0.15 | E50: =ROUNDUP(D50*E49,0) -> 2 | F50: =G50+H50 -> 0 | I50: =J50+K50 -> 0 | K50: =H50*E50 -> 0 | L50: Материал подрядчика
A51: =IF(TRIM(E51)<>"",COUNTA($E$10:E51)&"","") -> 42 | B51: Обжимной хомут из оцинкованной стали /Держатель для трубы D150 | C51: шт | D51: 1 | E51: =E49*D51 -> 9 | F51: =G51+H51 -> 0 | I51: =J51+K51 -> 0 | K51: =H51*E51 -> 0 | L51: Материал подрядчика
A52: =IF(TRIM(E52)<>"",COUNTA($E$10:E52)&"","") -> 43 | B52: Монтаж водосточной системы | C52: шт | E52: 2 | F52: =G52+H52 -> 0 | I52: =J52+K52 -> 0 | J52: =G52*E52 -> 0
A53: =IF(TRIM(E53)<>"",COUNTA($E$10:E53)&"","") -> 44 | B53: Водосточная труба D100, L=1900 мм. | C53: шт | D53: 1 | E53: =D53*E52 -> 2 | F53: =G53+H53 -> 0 | I53: =J53+K53 -> 0 | K53: =H53*E53 -> 0 | L53: Материал подрядчика
A54: =IF(TRIM(E54)<>"",COUNTA($E$10:E54)&"","") -> 45 | B54: Сливное колено D100 (60˚) | C54: шт | D54: 1 | E54: =D54*E52 -> 2 | F54: =G54+H54 -> 0 | I54: =J54+K54 -> 0 | K54: =H54*E54 -> 0 | L54: Материал подрядчика
A55: =IF(TRIM(E55)<>"",COUNTA($E$10:E55)&"","") -> 46 | B55: Угловой отвод | C55: шт | D55: 1 | E55: =D55*E52 -> 2 | F55: =G55+H55 -> 0 | I55: =J55+K55 -> 0 | K55: =H55*E55 -> 0 | L55: Материал подрядчика
A56: =IF(TRIM(E56)<>"",COUNTA($E$10:E56)&"","") -> 47 | B56: Держатель трубы | C56: шт | D56: 2 | E56: =D56*E52 -> 4 | F56: =G56+H56 -> 0 | I56: =J56+K56 -> 0 | K56: =H56*E56 -> 0 | L56: Материал подрядчика
A57: =IF(TRIM(E57)<>"",COUNTA($E$10:E57)&"","") -> 48 | B57: Изготовление и монтаж тремянки ЛМ-1 | C57: шт | E57: 2 | F57: =G57+H57 -> 0 | I57: =J57+K57 -> 0 | J57: =G57*E57 -> 0
A58: =IF(TRIM(E58)<>"",COUNTA($E$10:E58)&"","") -> 49 | B58: Уголок 63х63х5 L=2863мм, ГОСТ 8509-93 | C58: кг | D58: 1.03 | E58: =ROUND((2.863*4.81)*2*D58*E57,2) -> 56.74 | F58: =G58+H58 -> 0 | I58: =J58+K58 -> 0 | K58: =H58*E58 -> 0 | L58: Материал подрядчика
A59: =IF(TRIM(E59)<>"",COUNTA($E$10:E59)&"","") -> 50 | B59: Уголок 63х63х5 L=343мм, ГОСТ 8509-93 | C59: кг | D59: 1.03 | E59: =ROUND((0.343*4.81)*2*D59*E57,2) -> 6.8 | F59: =G59+H59 -> 0 | I59: =J59+K59 -> 0 | K59: =H59*E59 -> 0 | L59: Материал подрядчика
A60: =IF(TRIM(E60)<>"",COUNTA($E$10:E60)&"","") -> 51 | B60: Уголок 63х63х5 L=480мм, ГОСТ 8509-93 | C60: кг | D60: 1.03 | E60: =ROUND((0.48*4.81)*10*D60*E57,2) -> 47.56 | F60: =G60+H60 -> 0 | I60: =J60+K60 -> 0 | K60: =H60*E60 -> 0 | L60: Материал подрядчика
A61: =IF(TRIM(E61)<>"",COUNTA($E$10:E61)&"","") -> 52 | B61: Уголок 63х63х5 L=300мм, ГОСТ 8509-93 | C61: кг | D61: 1.03 | E61: =ROUND((0.3*4.81)*2*D61*E57,2) -> 5.95 | F61: =G61+H61 -> 0 | I61: =J61+K61 -> 0 | K61: =H61*E61 -> 0 | L61: Материал подрядчика
A62: =IF(TRIM(E62)<>"",COUNTA($E$10:E62)&"","") -> 53 | B62: Круг ø 30 L=730мм, ГОСТ 2590-88 | C62: кг | D62: 1.03 | E62: =ROUND(5.55*0.73*8*D62*E57,2) -> 66.77 | F62: =G62+H62 -> 0 | I62: =J62+K62 -> 0 | K62: =H62*E62 -> 0 | L62: Материал подрядчика
A63: =IF(TRIM(E63)<>"",COUNTA($E$10:E63)&"","") -> 54 | B63: Труба ø 40 L=2480мм, ГОСТ 8732-78 | C63: кг | D63: 1.03 | E63: =ROUND(4.43*2.48*2*D63*E57,2) -> 45.26 | F63: =G63+H63 -> 0 | I63: =J63+K63 -> 0 | K63: =H63*E63 -> 0 | L63: Материал подрядчика
A64: =IF(TRIM(E64)<>"",COUNTA($E$10:E64)&"","") -> 55 | B64: Распорный анкер М10 | C64: шт | D64: 1 | E64: =40*E57 -> 80 | F64: =G64+H64 -> 0 | I64: =J64+K64 -> 0 | K64: =H64*E64 -> 0 | L64: Материал подрядчика
A65: =IF(TRIM(E65)<>"",COUNTA($E$10:E65)&"","") -> 56 | B65: Лист t10 150х120мм, ГОСТ 19903-90 | C65: кг | D65: 1.03 | E65: =ROUND((0.15*0.12*78.5)*8*D65*E57,2) -> 23.29 | F65: =G65+H65 -> 0 | I65: =J65+K65 -> 0 | K65: =H65*E65 -> 0 | L65: Материал подрядчика
A66: =IF(TRIM(E66)<>"",COUNTA($E$10:E66)&"","") -> 57 | B66: Лист t5 (рифленный) 1190х730мм, ГОСТ 8568-77 | C66: кг | D66: 1.03 | E66: =ROUND((1.19*0.73*39.25)*1*D66*E57,2) -> 70.24 | F66: =G66+H66 -> 0 | I66: =J66+K66 -> 0 | K66: =H66*E66 -> 0 | L66: Материал подрядчика
A67: =IF(TRIM(E67)<>"",COUNTA($E$10:E67)&"","") -> 58 | B67: Уголок 63х63х5 L=1190мм, ГОСТ 8509-93 | C67: кг | D67: 1.03 | E67: =ROUND((1.19*4.81)*2*D67*E57,2) -> 23.58 | F67: =G67+H67 -> 0 | I67: =J67+K67 -> 0 | K67: =H67*E67 -> 0 | L67: Материал подрядчика
A68: =IF(TRIM(E68)<>"",COUNTA($E$10:E68)&"","") -> 59 | B68: Уголок 63х63х5 L=730мм, ГОСТ 8509-93 | C68: кг | D68: 1.03 | E68: =ROUND((0.73*4.81)*2*D68*E57,2) -> 14.47 | F68: =G68+H68 -> 0 | I68: =J68+K68 -> 0 | K68: =H68*E68 -> 0 | L68: Материал подрядчика
A69: =IF(TRIM(E69)<>"",COUNTA($E$10:E69)&"","") -> 60 | B69: Уголок 63х63х5 L=290мм, ГОСТ 8509-93 | C69: кг | D69: 1.03 | E69: =ROUND((0.29*4.81)*2*D69*E57,2) -> 5.75 | F69: =G69+H69 -> 0 | I69: =J69+K69 -> 0 | K69: =H69*E69 -> 0 | L69: Материал подрядчика
A70: =IF(TRIM(E70)<>"",COUNTA($E$10:E70)&"","") -> 61 | B70: Окраска металлоконструкций в 2 слоя по грунтовке | C70: м2 | E70: =(8.7+2.2+1.26+1.1)/2*E57 -> 13.26 | F70: =G70+H70 -> 0 | I70: =J70+K70 -> 0 | J70: =G70*E70 -> 0
A71: =IF(TRIM(E71)<>"",COUNTA($E$10:E71)&"","") -> 62 | B71: Грунтовка ПФ-020 (2 слоя) | C71: кг | D71: 0.24 | E71: =ROUND((8.7+2.2+1.26+1.1)/2*D71*E57,2) -> 3.18 | F71: =G71+H71 -> 0 | I71: =J71+K71 -> 0 | K71: =H71*E71 -> 0 | L71: Материал подрядчика
A72: =IF(TRIM(E72)<>"",COUNTA($E$10:E72)&"","") -> 63 | B72: Эмаль ПФ-115 (2 слоя) | C72: кг | D72: 0.3 | E72: =ROUND((8.7+2.2+1.26+1.1)/2*D72*E57,2) -> 3.98 | F72: =G72+H72 -> 0 | I72: =J72+K72 -> 0 | K72: =H72*E72 -> 0 | L72: Материал подрядчика
A73: =IF(TRIM(E73)<>"",COUNTA($E$10:E73)&"","") -> 64 | B73: Устройство фартуков парапета | C73: м/п | E73: =6.6+51.63+12.54+7.54+28.37+2.85+14.85+6.6+51.63+16.54+3.51+30.94+15.62 -> 249.22 | F73: =G73+H73 -> 0 | I73: =J73+K73 -> 0 | J73: =G73*E73 -> 0
A74: =IF(TRIM(E74)<>"",COUNTA($E$10:E74)&"","") -> 65 | B74: Распорный дюбель (5 шт/1 м) | C74: шт | D74: 5 | E74: =ROUND(E73*D74,0) -> 1246 | F74: =G74+H74 -> 0 | I74: =J74+K74 -> 0 | K74: =H74*E74 -> 0 | L74: Материал подрядчика
A75: =IF(TRIM(E75)<>"",COUNTA($E$10:E75)&"","") -> 66 | B75: Фартук из оцинкованной кровельной стали ГОСТ 14918-2020, L=650 мм s=0,5 (ОП-1) | C75: м/п | D75: 1.1 | E75: =(6.6*2)*D75 -> 14.52 | F75: =G75+H75 -> 0 | I75: =J75+K75 -> 0 | K75: =H75*E75 -> 0 | L75: Материал подрядчика
A76: =IF(TRIM(E76)<>"",COUNTA($E$10:E76)&"","") -> 67 | B76: Фартук из оцинкованной кровельной стали ГОСТ 14918-2020, L=750 мм s=0,5 (ОП-2) | C76: м/п | D76: 1.1 | E76: =(51.63*2)*D76 -> 113.586 | F76: =G76+H76 -> 0 | I76: =J76+K76 -> 0 | K76: =H76*E76 -> 0 | L76: Материал подрядчика
A77: =IF(TRIM(E77)<>"",COUNTA($E$10:E77)&"","") -> 68 | B77: Фартук из оцинкованной кровельной стали ГОСТ 14918-2020, L=790 мм s=0,5 (ОП-3) | C77: м/п | D77: 1.1 | E77: =(12.54+16.54)*D77 -> 31.988 | F77: =G77+H77 -> 0 | I77: =J77+K77 -> 0 | K77: =H77*E77 -> 0 | L77: Материал подрядчика
A78: =IF(TRIM(E78)<>"",COUNTA($E$10:E78)&"","") -> 69 | B78: Фартук из оцинкованной кровельной стали ГОСТ 14918-2020, L=830 мм s=0,5 (ОП-4) | C78: м/п | D78: 1.1 | E78: =(7.54+3.51)*D78 -> 12.155 | F78: =G78+H78 -> 0 | I78: =J78+K78 -> 0 | K78: =H78*E78 -> 0 | L78: Материал подрядчика
A79: =IF(TRIM(E79)<>"",COUNTA($E$10:E79)&"","") -> 70 | B79: Фартук из оцинкованной кровельной стали ГОСТ 14918-2020, L=330 мм s=0,5 (ОП-5) | C79: м/п | D79: 1.1 | E79: =(28.37+30.94)*D79 -> 65.241 | F79: =G79+H79 -> 0 | I79: =J79+K79 -> 0 | K79: =H79*E79 -> 0 | L79: Материал подрядчика
A80: =IF(TRIM(E80)<>"",COUNTA($E$10:E80)&"","") -> 71 | B80: Фартук из оцинкованной кровельной стали ГОСТ 14918-2020, L=460 мм s=0,5 (ОП-6) | C80: м/п | D80: 1.1 | E80: =2.85*D80 -> 3.135 | F80: =G80+H80 -> 0 | I80: =J80+K80 -> 0 | K80: =H80*E80 -> 0 | L80: Материал подрядчика
A81: =IF(TRIM(E81)<>"",COUNTA($E$10:E81)&"","") -> 72 | B81: Фартук из оцинкованной кровельной стали ГОСТ 14918-2020, L=300 мм s=0,5 (ФК-1) | C81: м/п | D81: 1.1 | E81: =(14.85+15.62)*D81 -> 33.517 | F81: =G81+H81 -> 0 | I81: =J81+K81 -> 0 | K81: =H81*E81 -> 0 | L81: Материал подрядчика
A82: =IF(TRIM(E82)<>"",COUNTA($E$10:E82)&"","") -> 73 | B82: Кровельный костыль КК-1 Полоса 40х4 L=700 мм | C82: шт | D82: 1 | E82: =10*2 -> 20 | F82: =G82+H82 -> 0 | I82: =J82+K82 -> 0 | K82: =H82*E82 -> 0 | L82: Материал подрядчика
A83: =IF(TRIM(E83)<>"",COUNTA($E$10:E83)&"","") -> 74 | B83: Кровельный костыль КК-2 Полоса 40х4 L=800 мм | C83: шт | D83: 1 | E83: =82*2 -> 164 | F83: =G83+H83 -> 0 | I83: =J83+K83 -> 0 | K83: =H83*E83 -> 0 | L83: Материал подрядчика
A84: =IF(TRIM(E84)<>"",COUNTA($E$10:E84)&"","") -> 75 | B84: Кровельный костыль КК-3 Полоса 40х4 L=840 мм | C84: шт | D84: 1 | E84: =19+24 -> 43 | F84: =G84+H84 -> 0 | I84: =J84+K84 -> 0 | K84: =H84*E84 -> 0 | L84: Материал подрядчика
A85: =IF(TRIM(E85)<>"",COUNTA($E$10:E85)&"","") -> 76 | B85: Кровельный костыль КК-4 Полоса 40х4 L=880 мм | C85: шт | D85: 1 | E85: =11+6 -> 17 | F85: =G85+H85 -> 0 | I85: =J85+K85 -> 0 | K85: =H85*E85 -> 0 | L85: Материал подрядчика
A86: =IF(TRIM(E86)<>"",COUNTA($E$10:E86)&"","") -> 77 | B86: Кровельный костыль КК-5 Полоса 40х4 L=290 мм | C86: шт | D86: 1 | E86: =52+56 -> 108 | F86: =G86+H86 -> 0 | I86: =J86+K86 -> 0 | K86: =H86*E86 -> 0 | L86: Материал подрядчика
A87: =IF(TRIM(E87)<>"",COUNTA($E$10:E87)&"","") -> 78 | B87: Кровельный костыль КК-6 Полоса 40х4 L=420 мм | C87: шт | D87: 1 | E87: =6 -> 6 | F87: =G87+H87 -> 0 | I87: =J87+K87 -> 0 | K87: =H87*E87 -> 0 | L87: Материал подрядчика
A88: =IF(TRIM(E88)<>"",COUNTA($E$10:E88)&"","") -> 79 | B88: Кровельный костыль КК-7 Полоса 40х4 L=470 мм | C88: шт | D88: 1 | E88: =3+3 -> 6 | F88: =G88+H88 -> 0 | I88: =J88+K88 -> 0 | K88: =H88*E88 -> 0 | L88: Материал подрядчика
A89: =IF(TRIM(E89)<>"",COUNTA($E$10:E89)&"","") -> 80 | B89: Раствор цементно-песчаный М150 | C89: м3 | D89: 1.015 | E89: =(E73)*0.48*((0.05+0.093)/2)*D89 -> 8.6815289 | F89: =G89+H89 -> 0 | I89: =J89+K89 -> 0 | K89: =H89*E89 -> 0 | L89: Материал подрядчика
A90: =IF(TRIM(E90)<>"",COUNTA($E$10:E90)&"","") -> 81 | B90: Устройство отлива покрытия | C90: м/п | E90: =1.61*2 -> 3.22 | F90: =G90+H90 -> 0 | I90: =J90+K90 -> 0 | J90: =G90*E90 -> 0
A91: =IF(TRIM(E91)<>"",COUNTA($E$10:E91)&"","") -> 82 | B91: Распорный дюбель (5 шт/1 м) | C91: шт | D91: 5 | E91: =ROUND(E90*D91,0) -> 16 | F91: =G91+H91 -> 0 | I91: =J91+K91 -> 0 | K91: =H91*E91 -> 0 | L91: Материал подрядчика
A92: =IF(TRIM(E92)<>"",COUNTA($E$10:E92)&"","") -> 83 | B92: Отлив из оцинкованной кровельной стали ГОСТ 14918-2020, L=760 мм s=0,5 (ФО-1) | C92: м/п | D92: 1.1 | E92: =E90*D92 -> 3.542 | F92: =G92+H92 -> 0 | I92: =J92+K92 -> 0 | K92: =H92*E92 -> 0 | L92: Материал подрядчика
A93: =IF(TRIM(E93)<>"",COUNTA($E$10:E93)&"","") -> 84 | B93: Комплекс работ по устройству кровельных зонтов из оцинкованной стали с полимерным покрытием и сеткой от птиц (длина одной из сторон до 1600 мм) | C93: шт | E93: =SUM(E94:E97) -> 7 | F93: =G93+H93 -> 0 | I93: =J93+K93 -> 0 | J93: =G93*E93 -> 0
A94: =IF(TRIM(E94)<>"",COUNTA($E$10:E94)&"","") -> 85 | B94: Зонт кровельный (Зонт-1) 1080х710 мм | C94: шт | D94: 1 | E94: 3 | F94: =G94+H94 -> 0 | I94: =J94+K94 -> 0 | K94: =H94*E94 -> 0 | L94: Материал подрядчика
A95: =IF(TRIM(E95)<>"",COUNTA($E$10:E99)&"","") -> 90 | B95: Зонт кровельный (Зонт-13) 990х590 мм | C95: шт | D95: 1 | E95: 1 | F95: =G95+H95 -> 0 | I95: =J95+K95 -> 0 | K95: =H95*E95 -> 0 | L95: Материал подрядчика
A96: =IF(TRIM(E96)<>"",COUNTA($E$10:E100)&"","") -> 91 | B96: Зонт кровельный (Зонт-ЗУ1) 990х590 мм | C96: шт | D96: 1 | E96: 1 | F96: =G96+H96 -> 0 | I96: =J96+K96 -> 0 | K96: =H96*E96 -> 0 | L96: Материал подрядчика
A97: =IF(TRIM(E97)<>"",COUNTA($E$10:E97)&"","") -> 88 | B97: Зонт кровельный (Зонт-2) 1330х710 мм | C97: шт | D97: 1 | E97: 2 | F97: =G97+H97 -> 0 | I97: =J97+K97 -> 0 | K97: =H97*E97 -> 0 | L97: Материал подрядчика
A98: =IF(TRIM(E98)<>"",COUNTA($E$10:E98)&"","") -> 89 | B98: Комплекс работ по устройству кровельных зонтов из оцинкованной стали с полимерным покрытием и сеткой от птиц (длина одной из сторон до 2200 мм) | C98: шт | E98: =SUM(E99:E100) -> 5 | F98: =G98+H98 -> 0 | I98: =J98+K98 -> 0 | J98: =G98*E98 -> 0
A99: =IF(TRIM(E99)<>"",COUNTA($E$10:E99)&"","") -> 90 | B99: Зонт кровельный (Зонт-10) 1790х710 мм | C99: шт | D99: 1 | E99: 3 | F99: =G99+H99 -> 0 | I99: =J99+K99 -> 0 | K99: =H99*E99 -> 0 | L99: Материал подрядчика
A100: =IF(TRIM(E100)<>"",COUNTA($E$10:E100)&"","") -> 91 | B100: Зонт кровельный (Зонт-11) 2080х890 мм | C100: шт | D100: 1 | E100: 2 | F100: =G100+H100 -> 0 | I100: =J100+K100 -> 0 | K100: =H100*E100 -> 0 | L100: Материал подрядчика
...

Sheet Расчет
A2: Площади, примыкания | H2: Стяжка | N2: Зонты | O2: Кол-во
A3: Кровля секция 1,2 | B3: Тип кровли | C3: Общая площадь кровли, м2 | D3: Площадь вентшахт, м2 | E3: Площадь кровли за вычетом ВШ, м2 | F3: Длина примыканий, м | H3: Сегмент № | I3: S1 | J3: S2 | K3: S3 | L3: Общий объем стяжки, м3 | N3: Зонт -1 | O3: 3 | P3: *
B4: 1 | E4: =239.4+239.7 -> 479.1 | F4: 130.69 | H4: Толщина t1, м | I4: =0.05 -> 0.05 | J4: =0.05 -> 0.05 | K4: =0.05 -> 0.05 | N4: Зонт -2 | O4: 2 | P4: *
B5: 2 | E5: =20.41+20.41 -> 40.82 | F5: 53.29 | H5: Толщина t2, м | I5: =25.26-25.12 -> 0.14 | J5: =27.85-27.8 -> 0.05 | K5: 0 | N5: Зонт -10 | O5: 3 | P5: *
B6: 3 | E6: =7.13+7.13 -> 14.26 | F6: 0 | N6: Зонт -11 | O6: 2 | P6: *
B7: вентшахты | F7: 54.56 | H7: Площадь сегмента, м2 | I7: =E4 -> 479.1 | J7: =E5 -> 40.82 | K7: =E6 -> 14.26 | N7: Зонт -12 | O7: 2 | P7: *
A8: ИТОГО | F8: =SUM(F4:F7) -> 238.54 | N8: Зонт -13 | O8: 1 | P8: *
H9: Объем стяжки, м3 | I9: =(I7*I4)+((I7*I5)*2/3) -> 68.671 | J9: =(J7*J4)+((J7*J5)*2/3) -> 3.4016667 | K9: =(K7*K4)+((K7*K5)*2/3) -> 0.713 | L9: =SUM(I9:K9) -> 72.785667 | N9: Зонт -ЗУ1 | O9: 1 | P9: *
O10: =SUM(O3:O9) -> 14
